 Dungeon Crawl Stone Soup version 0.31-a0-1540-g5a0b83f448 (webtiles) character file.

Game seed: 10270519332078155680

419 dialectric the Changeling (level 6, 0/61 HPs)
             Began as a Troll Shapeshifter on Jan 2, 2024.
             Succumbed to an orc wizard's poison
             ... on level 5 of the Dungeon.
             The game lasted 00:03:06 (2886 turns).

dialectric the Changeling (Troll Shapeshifter)      Turns: 2886, Time: 00:03:07

Health: 0/61       AC:  4    Str: 25    XL:     6   Next: 62%
Magic:  5/5        EV: 10    Int:  6    God:
Gold:   61         SH:  0    Dex:  9    Spells: 5/5 levels left

rFire   . .          .
                       - Unarmed
rCold   . . .        (no shield)
rNeg    . . .        a - +0 animal skin
rPois   .            (helmet currently unavailable)
rElec   .            (cloak currently unavailable)
rCorr   .            (gloves unavailable)
SInv    .            (boots unavailable)
Will    +....        (no amulet)
Stlth   +            (no ring)
HPRegen 1.10/turn    (no ring)
MPRegen 0.09/turn

%: no passive effects
@: brilliant, lethally poisoned (0 -> -3), beast-form, enlightened, flying
A: beast (slay +2), large, unfitting armour, claws 3, regeneration 1, shaggy fur
1, tough skin 1
a: Begin Untransformation


You were on level 5 of the Dungeon.
You were a hulking beast.
You visited 1 branch of the dungeon, and saw 5 of its levels.

You collected 255 gold pieces.
You spent 194 gold pieces at shops.

Inventory:

Hand Weapons
 B - a +0 morningstar
Armour
 a - a +0 animal skin (worn)
 o - a scarf of harm
Jewellery
 r - an amulet of guardian spirit
 v - the ring of Bomiytu {Str+6 Dex+4}
   (You found it on level 4 of the Dungeon)

   [ring of strength]

   Str+6:     It affects your strength (+6).
   Dex+4:     It affects your dexterity (+4).
Talismans
 c - a beast talisman
 d - a flux talisman
Wands
 u - a wand of polymorph (8)
 w - a wand of paralysis (9)
 C - a wand of digging (8)
Scrolls
 e - 3 scrolls of summoning {unknown}
 f - 3 scrolls of identify {unknown}
 i - a scroll of immolation {unknown}
 k - a scroll of fear {unknown}
 l - 5 scrolls of teleportation {unknown}
 m - 2 scrolls of enchant weapon {unknown}
 t - a scroll of noise {unknown}
 y - a scroll of vulnerability {unknown}
 z - a scroll of blinking
 A - a scroll of enchant armour
Potions
 b - 4 potions of lignification
 g - a potion of mutation {unknown}
 h - 2 potions of heal wounds {unknown}
 j - a potion of haste {unknown}
 n - 2 potions of brilliance
 p - a potion of might {unknown}
 q - a potion of enlightenment
 s - a potion of magic {unknown}
 x - a potion of resistance {unknown}


   Skills:
 + Level 3.0 Fighting
 + Level 3.3 Dodging
 - Level 4.0 Unarmed Combat
 + Level 4.4 Shapeshifting


You had 5 spell levels left.
You didn't know any spells.
Your spell library contained the following spells:

 Spells                   Type           Power      Damage    Failure   Level
 Static Discharge         Conj/Air       0%         3-3/arc   58%         2
 Airstrike                Air            0%         2d(0-16)  99%         4
 Summon Lightning Spire   Summ/Air       0%         N/A       99%         4


Dungeon Overview and Level Annotations

Branches:
Dungeon (5/15)
 Temple: D:4-7

Altars:
Nemelex Xobeh

Shops:
D:3 :   D:4 ?


Innate Abilities, Weirdness & Mutations

You are a hulking beast.
Your limbs bulge with bestial killing power. (Slay +2)
You are too large for most types of armour.
You have claws for hands.
Your natural rate of healing is unusually fast.
You are covered in fur. (AC +1)
You have tough skin. (AC +1)


Message History

You scratch something.
You feel very sick. Something hits you but does no damage.
You are more poisoned.
You miss something.
You feel very sick. Something hits you.
You are more poisoned.
You scratch something.
You feel very sick. Something hits you.
* * * LOW HITPOINT WARNING * * *
You are lethally poisoned!
You claw something!
Reactivating autopickup.
You feel a bit more experienced.
* * * LOW HITPOINT WARNING * * *
You feel very sick.
Your Fighting skill increases to level 3!
* * * LOW HITPOINT WARNING * * *
You feel very sick.
Items here: ( )) [[.
* * * LOW HITPOINT WARNING * * *
You feel very sick.
* * * LOW HITPOINT WARNING * * *
You feel very sick.
There is an open door, spattered with blood here.
Things that are here:
a +0 whip; a gnoll corpse Unknown command.
Okay, then.
It was a potion of enlightenment.
You feel very buoyant.
You fly up into the air.
* * * LOW HITPOINT WARNING * * *
You feel sick.
Unknown command.
It was a potion of brilliance.
You feel clever all of a sudden.
You die...

#..#.......#
#..#.......# #####
#..##.....##
.....##..##.....##
......#..#.......#
...#
......'..#.......#
...##
.....##..#.......#
....# .....
#†)##......# ....#
.....##h###......#
...# .
.....'....#......#
...##..
.....#.)..#......#
....... ####
##...#......#
.......
#...#......#
...##..
...>#......# ...#
#........$...
....#
#....#########
....# '....#


There were no monsters in sight!

Vanquished Creatures
  A bullfrog (D:4)
  A scorpion (D:4)
  A gnoll bouda (D:5)
  An iguana (D:5)
  An orc wizard (D:5)
  10 gnolls
  5 adders
  2 orcs (D:5)
  2 endoplasms
  4 giant cockroaches
  9 goblins
  6 hobgoblins
  8 jackals
  5 ball pythons
  6 bats
  3 frilled lizards (D:1)
  7 kobolds
  5 rats
77 creatures vanquished.

Notes
Turn   | Place    | Note
-------+----------+-------------------------------------------
     0 | D:1      | dialectric the Troll Shapeshifter began the quest for the
                  | Orb.
     0 | D:1      | Reached XP level 1. HP: 18/18 MP: 0/0
   161 | D:1      | Reached skill level 1 in Fighting
   193 | D:1      | Reached XP level 2. HP: 27/27 MP: 1/1
   604 | D:2      | Reached XP level 3. HP: 27/33 MP: 2/2
  1297 | D:3      | Found Pivec's Book Emporium.
  1338 | D:3      | Reached XP level 4. HP: 41/41 MP: 3/3
  1657 | D:3      | Found a sparkling altar of Nemelex Xobeh.
  2092 | D:4      | Identified the ring of Bomiytu {Str+6 Dex+4}
  2251 | D:4      | Noticed a scorpion
  2258 | D:4      | Killed a scorpion
  2259 | D:4      | Reached XP level 5. HP: 49/49 MP: 4/4
  2433 | D:4      | Found The Oracle's Delphic Readings.
  2438 | D:4      | Bought a scroll of blinking for 97 gold pieces
  2438 | D:4      | Bought a scroll of enchant armour for 97 gold pieces
  2725 | D:5      | Entered Level 5 of the Dungeon
  2754 | D:5      | Reached XP level 6. HP: 59/59 MP: 5/5
  2884 | D:5      | HP: 3/61 [poisoned by an orc wizard]
  2886 | D:5      | Succumbed to an orc wizard's poison

Illustrated notes

Levels and vault maps discovered:
D:1:      tarquinn_simple_flora_water_e, layout_basic, palyth_stone_intersect
D:2:      wad_pebble_path, layout_basic, serial_forest,
          infiniplex_forest_clump_large, infiniplex_forest_lined_room_2,
          infiniplex_forest_clump_long, infiniplex_forest_corner_1,
          infiniplex_forest_end_3, eino_tiny_chamber, guppyfry_early_lair_pool
D:3:      layout_loops_ring, lemuel_coloured_pillars_altar, serial_shops,
          nicolae_shop_statue_plus
D:4:      nicolae_cairo_tiling_large, layout_cave_pools, columned_hall_lemuel,
          grunt_decor_one_mirror, nicolae_nh_oracle_at_delphi
D:5:      layout_gridville, grunt_qazlal_clouds, lemuel_tele_altar,
          mainiacjoe_overflow_swirl

Skill      XL: |  1  2  3  4  5  6 |
---------------+-------------------+-----
Fighting       | 1 2 3 |  3.0
Dodging        | 2 3 |  3.3
Unarmed Combat | 4 |  4.0
Shapeshifting  | 4 |  4.4

Action                     |  1- 3 |  4- 6 || total
---------------------------+-------+-------++-------
  Melee: Unarmed           |   102 |    90 ||   192
         Punch             |     1 |     1 ||     2
    Use: Potion            |       |     2 ||     2
 Armour: Animal skin       |    52 |    44 ||    96
  Dodge: Dodged            |    50 |    57 ||   107

Table legend: (Time is in decaauts)
 A = Elapsed time spent in this place.
 B = Non-inter-level travel time spent in this place.
 C = Inter-level travel time spent in this place.
 D = Time resting spent in this place.
 E = Time spent auto-exploring this place.
 F = Levels seen in this place.
 G = Mean time per level.
                   A        B        C        D        E       F      G
               +--------+--------+--------+--------+--------+-----+--------+
         Total |   2877 |   2753 |    124 |      0 |   2213 |   5 |  575.4 |
       Dungeon |   2877 |   2753 |    124 |      0 |   2213 |   5 |  575.4 |
               +--------+--------+--------+--------+--------+-----+--------+

Top non-repeatable levels by time:
     D:3: 804 daAuts
     D:4: 693 daAuts
     D:2: 650 daAuts
     D:1: 590 daAuts
     D:5: 139 daAuts
